[Event "Titled Tuesday Blitz November 15 Early 2022"]
[White "Kleiman, Jake"]
[Black "Gholami Orimi, Mahdi"]
[WhiteFideId "2020041"]
[BlackFideId "12558486"]
[WhiteElo "2614"]
[BlackElo "2330"]
[Result "0-1"]
[Round "05"]
[TimeControl "180+1"]
[Date "2022.11.16"]
[WhiteClock "0:00:11"]
[BlackClock "0:00:07"]

1. e4 c5 2. c3 Nf6 3. e5 Nd5 4. Bc4 e6 5. Nf3 Nc6 6. d4 Nb6 7. Bb3 d6 8. dxc5 dxc5 9. Qe2 Bd7 10. O-O Be7 11. Re1 Qc7 12. Nbd2 g5 13. Nc4 g4 14. Nfd2 h5 15. Nd6+ Bxd6 16. exd6 Qxd6 17. Ne4 Qf8 18. Nf6+ Kd8 19. Bg5 Kc8 20. Rad1 Qg7 21. Bh4 Rh6 22. Ne4 f5 23. Nxc5 Kc7 24. Bg3+ e5 25. Bxe5+ Nxe5 26. Qxe5+ Qxe5 27. Rxe5 Bc6 28. Rxf5 Re8 29. Rf7+ Kb8 30. g3 h4 31. Nd3 hxg3 32. fxg3 Reh8 33. Rf2 Rd6 34. Nf4 Rdh6 35. Re1 Bf3 36. Bd1 Bxd1 37. Rxd1 Nc8 38. Re1 Nd6 39. Re5 Nc4 40. Re4 Nd6 41. Rd4 Nf5 42. Rd3 Ne7 43. Ne2 Nc6 44. Re3 Rd6 45. Nd4 Nxd4 46. cxd4 Rxd4 47. Kg2 Rhd8 48. Rc3 a5 49. b3 Ka7 50. a4 Kb6 51. Rfc2 Rd1 52. Re3 Rb1 53. Re4 Rxb3 54. Rxg4 Rd1 55. Rh4 Rb4 56. Rxb4+ axb4 57. Ra2 Ka5 58. Rb2 Kxa4 59. g4 Ka3 60. Rf2 b3 61. g5 b2 62. Rxb2 Kxb2 63. h4 b5 64. g6 b4 65. h5 Rd5 66. Kg3 Rxh5 67. Kg4 Rh1 0-1


[Site "https://www.chess.com"]

[Event "Titled Tuesday Blitz November 15 Early 2022"]
[White "Kopylov, Alexander A."]
[Black "Fieberg, Samuel"]
[WhiteFideId "4164857"]
[BlackFideId "12901717"]
[WhiteElo "2436"]
[BlackElo "2510"]
[Result "1-0"]
[Round "05"]
[TimeControl "180+1"]
[Date "2022.11.16"]
[WhiteClock "0:00:13"]
[BlackClock "0:00:05"]

1. e4 e6 2. Nf3 d5 3. exd5 exd5 4. d4 Nc6 5. Bd3 Bd6 6. O-O Nge7 7. c3 Bf5 8. Re1 O-O 9. b4 a6 10. Qc2 Qd7 11. Nbd2 Bxd3 12. Qxd3 Qf5 13. Qxf5 Nxf5 14. Nb3 b6 15. a4 a5 16. b5 Nd8 17. g4 Ne7 18. Ne5 f6 19. Nd3 Nf7 20. Bf4 Rfe8 21. Nd2 Ng6 22. Bg3 Bxg3 23. hxg3 Nd6 24. Kg2 Kf7 25. f4 Rxe1 26. Rxe1 Re8 27. Rxe8 Kxe8 28. f5 Ne7 29. Nf4 Kd7 30. Nh5 Ne8 31. Kf3 g6 32. Nf4 Nd6 33. fxg6 hxg6 34. Nh3 g5 35. Ke3 c6 36. bxc6+ Kxc6 37. Kd3 b5 38. axb5+ Kxb5 39. Nf2 a4 40. Kc2 Nc6 41. Nd3 Ne4 42. Nf1 Na5 43. Ne3 a3 44. Nc1 Kc6 45. Na2 Nc4 46. Nb4+ Kd6 47. Nbxd5 a2 48. Nxc4+ Kxd5 49. Ne3+ Kd6 50. Kb2 Nxc3 51. Nc2 Ne2 52. Kxa2 Nxg3 53. Kb3 Kd5 54. Kc3 Ne2+ 55. Kd3 Nf4+ 56. Ke3 Ng2+ 57. Kd3 Nf4+ 58. Ke3 Ne6 59. Kd3 Nf8 60. Ne3+ Ke6 61. Ke4 Ng6 62. d5+ Kd7 63. Kf5 Nh4+ 64. Kxf6 Nf3 65. Nf5 Nh2 66. Kxg5 Nf3+ 67. Kf4 Nh2 68. g5 Ke8 69. d6 Kd7 70. g6 1-0


[Site "https://www.chess.com"]

[Event "Titled Tuesday Blitz November 15 Early 2022"]
[White "Kosakowski, Jakub"]
[Black "Ginzburg, Yakov"]
[WhiteFideId "1185080"]
[BlackFideId "4157176"]
[WhiteElo "2463"]
[BlackElo "2305"]
[Result "0-1"]
[Round "05"]
[TimeControl "180+1"]
[Date "2022.11.16"]
[WhiteClock "0:00:02"]
[BlackClock "0:00:06"]

1. e4 c5 2. Nf3 e6 3. c3 d5 4. exd5 exd5 5. d4 Nf6 6. Bb5+ Bd7 7. Bxd7+ Nbxd7 8. O-O Be7 9. dxc5 Nxc5 10. Be3 O-O 11. Nbd2 Nce4 12. Nb3 Ng4 13. Bf4 Qb6 14. Nfd4 Ngxf2 15. Rxf2 Nxf2 16. Kxf2 a5 17. Qe2 Bf6 18. Qb5 Qxb5 19. Nxb5 a4 20. N3d4 Bxd4+ 21. Nxd4 a3 22. b3 Rfc8 23. Rc1 Ra6 24. Ke2 Rf6 25. Bg3 h5 26. Kd3 Rg6 27. Rc2 Rg4 28. Nf5 Re8 29. Re2 Rge4 30. Rxe4 dxe4+ 31. Ke3 g6 32. Nd6 Re7 33. Bh4 Re6 34. Nxb7 f5 35. c4 Rb6 36. Nc5 Kf7 37. Nd7 Rd6 38. Ne5+ Ke6 39. c5 Rd1 40. Nxg6 Rd3+ 41. Ke2 Rxb3 42. Nf4+ Kf7 43. c6 Rc3 44. Nd5 Rxc6 45. Ne3 Ke6 46. Bg3 Rb6 47. Nc4 Rb2+ 48. Ke3 Rxa2 49. Kf4 Ra1 50. Na5 a2 51. Nb3 Rb1 52. Nd4+ Kd5 53. Nc2 Rb2 54. Ne3+ Ke6 55. Nxf5 a1=Q 56. Ne3 Qc1 57. Kxe4 Rb4+ 58. Kf3 Rb3 59. Bf4 Rxe3+ 60. Bxe3 Qf1+ 61. Kg3 Kf5 62. h3 h4+ 63. Kh2 Qe2 64. Ba7 Qe5+ 65. Kh1 Qa1+ 66. Bg1 Kf4 67. Kh2 Qb1 68. Kh1 Ke4 69. Kh2 Qf1 70. Kh1 Kd3 71. Kh2 Ke2 72. Ba7 Qf4+ 73. Kg1 Qc1+ 74. Kh2 Qc7+ 75. Kh1 Qxa7 0-1


[Site "https://www.chess.com"]

[Event "Titled Tuesday Blitz November 15 Early 2022"]
[White "Kosteniuk, Alexandra"]
[Black "Gheorghiu, Calin"]
[WhiteFideId "4128125"]
[BlackFideId "1200305"]
[WhiteElo "2469"]
[BlackElo "2225"]
[Result "1-0"]
[Round "05"]
[TimeControl "180+1"]
[Date "2022.11.16"]
[WhiteClock "0:00:24"]
[BlackClock "0:00:01"]

1. e4 e6 2. d4 d5 3. exd5 exd5 4. Nf3 Bd6 5. Bd3 Nc6 6. h3 Nge7 7. c4 dxc4 8. Bxc4 Bf5 9. O-O O-O 10. Nc3 Ng6 11. Re1 Bf4 12. d5 Nce5 13. Bf1 Bxc1 14. Rxc1 Qf6 15. Nxe5 Nxe5 16. Re3 Rad8 17. Qb3 b6 18. Nb5 c6 19. dxc6 Nxc6 20. Nc7 Nd4 21. Qc4 Qg5 22. Nd5 Ne6 23. Rg3 Qh5 24. Be2 Qh6 25. Ne7+ Kh8 26. Nxf5 Qf6 27. Ne3 Qxb2 28. Bf1 Rd2 29. Rf3 Rd4 30. Qc2 Qb4 31. Qf5 1-0


[Site "https://www.chess.com"]

[Event "Titled Tuesday Blitz November 15 Early 2022"]
[White "Kovalev, Vladislav"]
[Black "Deac, Bogdan-Daniel"]
[WhiteFideId "13504398"]
[BlackFideId "1226380"]
[WhiteElo "2556"]
[BlackElo "2648"]
[Result "0-1"]
[Round "05"]
[TimeControl "180+1"]
[Date "2022.11.15"]
[WhiteClock "0:00:04"]
[BlackClock "0:00:38"]

1. e4 c6 2. Nf3 d5 3. d3 Qc7 4. Nc3 dxe4 5. dxe4 e5 6. Bc4 h6 7. a4 Nf6 8. O-O Bb4 9. Qe2 O-O 10. h3 Re8 11. Bd2 a5 12. Nd1 Be6 13. Bxe6 Rxe6 14. Bxb4 axb4 15. b3 Nbd7 16. Nb2 Nc5 17. Nd2 Rd8 18. Rfd1 Red6 19. Nbc4 Rd4 20. Nf3 Rxe4 21. Rxd8+ Qxd8 22. Qd2 Nd5 23. Ncxe5 Qf6 24. Nd3 Qxa1+ 0-1


[Site "https://www.chess.com"]

[Event "Titled Tuesday Blitz November 15 Early 2022"]
[White "Kozak, Antoni"]
[Black "Zanette, Edgard Vinicius"]
[WhiteFideId "21832030"]
[BlackFideId "2109263"]
[WhiteElo "2447"]
[BlackElo "2211"]
[Result "1/2-1/2"]
[Round "05"]
[TimeControl "180+1"]
[Date "2022.11.16"]
[WhiteClock "0:00:06"]
[BlackClock "0:00:15"]

1. c4 e5 2. g3 Nf6 3. Bg2 Nc6 4. Nc3 Bb4 5. Qc2 Nd4 6. Qa4 Bxc3 7. bxc3 Nc6 8. Ba3 e4 9. Nh3 d6 10. O-O O-O 11. d3 Re8 12. Nf4 Bd7 13. Qc2 e3 14. fxe3 Rxe3 15. Bc1 Re8 16. e4 Ne5 17. Rb1 Rb8 18. h3 a6 19. a4 a5 20. Be3 b6 21. g4 Bc6 22. Bd4 Nfd7 23. Nd5 Nc5 24. Bxc5 dxc5 25. Kh1 Qd7 26. Ra1 Rbd8 27. Rf5 f6 28. d4 Ng6 29. Rf2 Kh8 30. Re2 Bxd5 31. cxd5 Nf4 32. Re3 cxd4 33. cxd4 Nxd5 34. Ree1 Nb4 35. Qc4 Qxd4 36. Qxc7 Rc8 37. Qg3 Nc2 38. Red1 Qxa1 39. Rxa1 Nxa1 40. Qd6 Nc2 41. Qxb6 Red8 42. Qxa5 Ne3 43. Kg1 Rd1+ 44. Kf2 Nc4 45. Qa6 Rd2+ 46. Kg3 Rcd8 47. h4 Ne5 48. Bf1 Rd1 49. Be2 R1d2 50. a5 h6 51. Qb5 Ra2 52. a6 Rdd2 53. g5 hxg5 54. hxg5 Rxe2 55. Qe8+ Kh7 56. Qh5+ Kg8 57. Qe8+ Kh7 58. Qh5+ Kg8 59. Qe8+ Kh7 1/2-1/2


[Site "https://www.chess.com"]

[Event "Titled Tuesday Blitz November 15 Early 2022"]
[White "Krallis, Christos"]
[Black "Thiel, Thomas"]
[WhiteFideId "4298896"]
[BlackFideId "4615964"]
[WhiteElo "2243"]
[BlackElo "2240"]
[Result "1/2-1/2"]
[Round "05"]
[TimeControl "180+1"]
[Date "2022.11.16"]
[WhiteClock "0:01:15"]
[BlackClock "0:01:15"]

1. d4 Nf6 2. Nf3 g6 3. g3 Bg7 4. Bg2 d5 5. O-O O-O 6. Nc3 Bf5 7. Bf4 c6 8. Ne5 Ne4 9. Nxe4 Bxe4 10. c3 Bxg2 11. Kxg2 Nd7 12. Nd3 Re8 13. Bg5 Qb6 14. Qb3 e5 15. dxe5 Nxe5 16. Nxe5 Rxe5 17. Be3 Qxb3 18. axb3 a6 19. b4 Rae8 20. Rad1 Re4 21. Rfe1 d4 22. Bxd4 Rxe2 23. Rxe2 Rxe2 24. Bxg7 Kxg7 25. Rd7 Rxb2 26. Rxb7 c5 27. Rb6 cxb4 28. cxb4 Rb3 29. g4 Ra3 30. g5 a5 31. b5 Rb3 32. h4 a4 33. Ra6 Rxb5 34. Rxa4 h6 35. Rg4 hxg5 36. hxg5 Rb3 37. f3 Rb1 38. Ra4 Rb7 39. Kg3 f6 40. Kg4 fxg5 41. Kxg5 Rb5+ 42. Kg4 Kf6 43. Ra6+ Kf7 44. f4 Rc5 45. Ra8 Rb5 46. Kf3 Rc5 47. Ke4 Rc1 48. Ra7+ Kf6 49. Ra6+ Kf7 50. Ke5 Re1+ 51. Kd5 Rd1+ 52. Ke4 Re1+ 53. Kf3 Rf1+ 54. Kg3 Rg1+ 55. Kf2 Rb1 56. Ra4 Rb3 57. Ra6 Kg7 58. Rd6 Kf7 59. Rd4 Kf6 60. Re4 Kf5 61. Ra4 g5 1/2-1/2


[Site "https://www.chess.com"]

[Event "Titled Tuesday Blitz November 15 Early 2022"]
[White "Krishnan, Varun"]
[Black "Kuznetsov, Mikhail"]
[WhiteFideId "5054508"]
[BlackFideId "4117190"]
[WhiteElo "2568"]
[BlackElo "1981"]
[Result "0-1"]
[Round "05"]
[TimeControl "180+1"]
[Date "2022.11.16"]
[WhiteClock "0:02:08"]
[BlackClock "0:01:27"]

1. e4 c6 2. d4 d5 3. Nd2 dxe4 4. Nxe4 Nf6 5. Nxf6+ exf6 6. Nf3 Bd6 7. Bd3 O-O 8. O-O Re8 9. c3 Nd7 10. h3 Nf8 11. a4 Ng6 12. b4 Be6 13. a5 Qd7 14. h4 Bg4 15. g3 Bh3 16. Re1 Qg4 17. Be3 Bxg3 18. Bf1 Bf4+ 19. Kh1 Bxf1 20. Rxf1 Qh3+ 21. Kg1 Nxh4 0-1


[Site "https://www.chess.com"]

[Event "Titled Tuesday Blitz November 15 Early 2022"]
[White "Langner, Ladislav"]
[Black "Arbunic Castro, Giovanna"]
[WhiteFideId "300403"]
[BlackFideId "3400549"]
[WhiteElo "2346"]
[BlackElo "1887"]
[Result "1-0"]
[Round "05"]
[TimeControl "180+1"]
[Date "2022.11.16"]
[WhiteClock "0:00:24"]
[BlackClock "0:00:03"]

1. e4 g6 2. d4 Bg7 3. Nc3 c5 4. Be3 Qa5 5. Ne2 Nf6 6. f3 cxd4 7. Nxd4 O-O 8. Nb3 Qd8 9. Be2 b6 10. O-O Bb7 11. Qd2 d5 12. e5 Nfd7 13. f4 e6 14. Nb5 Ba6 15. a4 f6 16. N3d4 Nc5 17. exf6 Bxf6 18. Bf3 Bxb5 19. axb5 Qe7 20. Rfe1 Nbd7 21. Bf2 Bxd4 22. Bxd4 Ne4 23. Bxe4 dxe4 24. Rxe4 Nc5 25. Re2 Qd6 26. Be5 Qd7 27. Qxd7 Nxd7 28. Bd6 Rfe8 29. Rae1 Rac8 30. c3 Nc5 31. Bxc5 Rxc5 32. Rxe6 Rxe6 33. Rxe6 Kf7 34. Rc6 Rxb5 35. Rc7+ Kf6 36. Rxa7 Rxb2 37. Rxh7 Rc2 38. Rc7 b5 39. Rb7 Rb2 40. Rc7 Kf5 41. Rc6 Kxf4 42. Rxg6 Ke3 43. h4 Kd3 44. Rg3+ Kc4 45. h5 Rb3 46. h6 b4 47. h7 1-0


[Site "https://www.chess.com"]

[Event "Titled Tuesday Blitz November 15 Early 2022"]
[White "Le, Tuan Minh"]
[Black "Shipov, Sergei"]
[WhiteFideId "12401153"]
[BlackFideId "4113624"]
[WhiteElo "2530"]
[BlackElo "2772"]
[Result "1-0"]
[Round "05"]
[TimeControl "180+1"]
[Date "2022.11.15"]
[WhiteClock "0:00:21"]
[BlackClock "0:00:01"]

1. d4 d5 2. Nf3 Nf6 3. Bf4 e6 4. e3 c5 5. c3 Nc6 6. Nbd2 Nh5 7. Be5 f6 8. Bg3 cxd4 9. exd4 g6 10. Be2 Bg7 11. O-O Nxg3 12. hxg3 O-O 13. Nb3 e5 14. c4 e4 15. Nfd2 f5 16. cxd5 Nb4 17. Nc4 Nxd5 18. Ne5 Kh8 19. Rc1 b6 20. Bb5 a6 21. Bc6 Ra7 22. Qd2 Be6 23. Rfe1 Qd6 24. Bxd5 Bxd5 25. Qf4 Qe6 26. Nd2 Re7 27. Nf1 Bxe5 28. dxe5 Qxe5 29. Qe3 Qxb2 30. Rb1 Qe5 31. Rxb6 Bxa2 32. Rxa6 Bc4 33. Rc6 Bxf1 34. Rxf1 Kg7 35. Rfc1 Rd8 36. R6c5 Rd5 37. Rxd5 Qxd5 38. Kh2 Rd7 39. Rc8 Qd4 40. Qf4 Qd6 41. Qg5 h6 42. Qc1 Qd4 43. Qc6 Rf7 44. Qe8 Rd7 45. Qf8+ 1-0


[Site "https://www.chess.com"]

[Event "Titled Tuesday Blitz November 15 Early 2022"]
[White "Leve, Nitai"]
[Black "Pinheiro, Iung Alicio de O."]
[WhiteFideId "2006898"]
[BlackFideId "2104350"]
[WhiteElo "2144"]
[BlackElo "2283"]
[Result "1-0"]
[Round "05"]
[TimeControl "180+1"]
[Date "2022.11.16"]
[WhiteClock "0:00:50"]
[BlackClock "0:00:02"]

1. e4 c5 2. Nf3 Nc6 3. d4 cxd4 4. Nxd4 e5 5. Nb3 Nf6 6. Nc3 Bb4 7. Bc4 O-O 8. O-O Bxc3 9. bxc3 Nxe4 10. Ba3 Nxc3 11. Qd3 d5 12. Qxc3 dxc4 13. Bxf8 cxb3 14. Ba3 bxc2 15. Qxc2 Be6 16. Rfd1 Nd4 17. Qe4 Qa5 18. Qxb7 Bd5 19. Qe7 Qa6 20. Qxe5 Ne2+ 21. Kh1 Bc4 22. Bb2 f6 23. Qe7 Qb6 24. Rd7 1-0


[Site "https://www.chess.com"]

[Event "Titled Tuesday Blitz November 15 Early 2022"]
[White "Luxama, Jacques Muller"]
[Black "Biastoch, Bennet"]
[WhiteFideId "11900113"]
[BlackFideId "12939889"]
[WhiteElo "1931"]
[BlackElo "2221"]
[Result "0-1"]
[Round "05"]
[TimeControl "180+1"]
[Date "2022.11.16"]
[WhiteClock "0:00:16"]
[BlackClock "0:01:43"]

1. e4 c5 2. Nf3 Nc6 3. d4 cxd4 4. Nxd4 e5 5. Nb5 d6 6. N1c3 a6 7. Na3 b5 8. Nd5 Nge7 9. Ne3 g6 10. c4 b4 11. Nac2 Bg7 12. Be2 O-O 13. O-O f5 14. f3 Be6 15. Nd5 a5 16. Bg5 h6 17. Bxe7 Nxe7 18. Nce3 Rc8 19. Qa4 Bd7 20. Nxe7+ Qxe7 21. Qxa5 fxe4 22. fxe4 Qg5 23. Nd5 Bh3 24. Rxf8+ Rxf8 25. g3 Qd2 26. Nf4 exf4 27. Qd5+ Qxd5 28. exd5 f3 29. Bd3 f2+ 30. Kh1 Bxb2 31. Rb1 Bc3 32. a4 bxa3 33. c5 a2 34. Rc1 a1=Q 35. Rxa1 Bxa1 36. cxd6 f1=Q+ 37. Bxf1 Rxf1# 0-1


[Site "https://www.chess.com"]

[Event "Titled Tuesday Blitz November 15 Early 2022"]
[White "Madaminov, Mukhiddin"]
[Black "Svane, Rasmus"]
[WhiteFideId "14210703"]
[BlackFideId "4657101"]
[WhiteElo "2341"]
[BlackElo "2674"]
[Result "0-1"]
[Round "05"]
[TimeControl "180+1"]
[Date "2022.11.15"]
[WhiteClock "0:00:06"]
[BlackClock "0:00:11"]

1. d4 Nf6 2. Nc3 d5 3. Bf4 c5 4. e4 Nxe4 5. Nxe4 dxe4 6. dxc5 Qa5+ 7. c3 Qxc5 8. Qa4+ Nc6 9. Qxe4 g6 10. Nf3 Bg7 11. Qe3 Qxe3+ 12. Bxe3 O-O 13. O-O-O Be6 14. Kb1 Rac8 15. Bd3 Bd5 16. Rhe1 Rfd8 17. Bc2 e6 18. Bg5 f6 19. Be3 Kf7 20. Nd4 Nxd4 21. Bxd4 Bxg2 22. Bxa7 Bh6 23. a4 Bf4 24. h4 Bc6 25. a5 Bc7 26. b4 f5 27. Bd4 Bd5 28. Kb2 Bd6 29. Be5 Be7 30. Rd4 Rc4 31. Red1 Rdc8 32. Rxc4 Rxc4 33. Bb3 Re4 34. Bxd5 exd5 35. f4 Ke6 36. b5 Ra4 37. Bc7 Bc5 38. Kb3 Ra3+ 39. Kb2 Ra4 40. a6 bxa6 41. b6 Ra5 42. Kc2 Rb5 43. Ra1 a5 44. b7 Rxb7 45. Bxa5 Bd6 46. Re1+ Kf7 47. Rd1 Rb5 48. Bb4 Bxb4 49. cxb4 Rxb4 50. Rxd5 Rxf4 51. Rd7+ Kg8 52. h5 Rh4 53. hxg6 hxg6 54. Kd3 Re4 55. Ra7 Kf8 56. Rb7 Re7 57. Rb1 Kf7 58. Rh1 Kf6 59. Kd4 Re6 60. Kd3 g5 61. Rh6+ Ke5 62. Rh1 Kf4 63. Rf1+ Kg4 64. Rg1+ Kh5 65. Rh1+ Kg6 66. Kd4 f4 67. Kd5 Re3 68. Rh8 Kf5 69. Rf8+ Kg4 70. Kd4 Re7 71. Rf6 Kf3 72. Rf7 Rxf7 0-1


[Site "https://www.chess.com"]

[Event "Titled Tuesday Blitz November 15 Early 2022"]
[White "Mahdavi, Reza"]
[Black "Gurevich, Dmitry"]
[WhiteFideId "12595926"]
[BlackFideId "2000407"]
[WhiteElo "2240"]
[BlackElo "2506"]
[Result "1/2-1/2"]
[Round "05"]
[TimeControl "180+1"]
[Date "2022.11.16"]
[WhiteClock "0:01:55"]
[BlackClock "0:00:52"]

1. e4 c5 2. Nf3 d6 3. Bb5+ Bd7 4. Bxd7+ Qxd7 5. c4 Nc6 6. Nc3 Nf6 7. d4 cxd4 8. Nxd4 e6 9. Be3 Be7 10. f3 O-O 11. O-O Rac8 12. Qe2 Nxd4 13. Bxd4 b6 14. b3 Qb7 15. Rad1 Rfe8 16. Bxf6 gxf6 17. Rd2 a6 18. Rd3 Kh8 19. Rfd1 b5 20. cxb5 axb5 21. Kh1 b4 22. Na4 Rc7 23. Nb2 Rd8 24. Nc4 Rcd7 25. Qd2 d5 26. exd5 Rxd5 27. Rxd5 Rxd5 28. Qe2 Rxd1+ 29. Qxd1 Qa7 30. Qd2 Kg7 31. g3 h5 32. Kg2 Qc5 33. Qd7 Bf8 34. Qd2 Be7 35. Qe3 Qd5 36. Qd2 Qc5 1/2-1/2


[Site "https://www.chess.com"]

[Event "Titled Tuesday Blitz November 15 Early 2022"]
[White "Makhmudov, Shukhrat"]
[Black "Manukyan, Sargis A."]
[WhiteFideId "14200775"]
[BlackFideId "13303970"]
[WhiteElo "2135"]
[BlackElo "2187"]
[Result "0-1"]
[Round "05"]
[TimeControl "180+1"]
[Date "2022.11.16"]
[WhiteClock "0:00:10"]
[BlackClock "0:00:57"]

1. e4 e6 2. Nf3 d5 3. e5 c5 4. b4 cxb4 5. a3 d4 6. axb4 Bxb4 7. Bb2 Nc6 8. Bb5 Bc5 9. Qe2 Ne7 10. Qe4 O-O 11. Ng5 Ng6 12. Bxc6 Qxg5 13. Bb5 Qxe5 14. Bd3 f5 15. Qxe5 Nxe5 16. Be2 Bd7 17. c3 d3 18. Bd1 Bc6 19. Bb3 Kh8 20. O-O Bd5 21. c4 Nxc4 22. Bc3 b5 23. Bxc4 bxc4 24. Na3 Rfe8 25. Nb5 Bb6 26. Nd6 Rf8 27. Rfe1 Rae8 28. Nxe8 Rxe8 29. Kf1 Kg8 30. f3 Kf7 31. Be5 g5 32. Reb1 h5 33. Rxb6 axb6 34. Ra7+ Re7 35. Rxe7+ Kxe7 36. Kf2 Kd7 37. Bc3 Kc6 38. Ke3 Kc5 39. Bf6 g4 40. Be7+ Kb5 41. fxg4 hxg4 42. h4 Bxg2 43. h5 e5 44. h6 f4+ 45. Kf2 Be4 46. Bd6 g3+ 47. Ke1 f3 48. Bxe5 g2 49. Kf2 Ka4 50. Bd4 b5 51. Ke3 Bh7 52. Kxf3 Kb3 53. Kxg2 Kc2 54. Bc3 Kb3 55. Kf3 b4 56. Bd4 Kc2 57. Bc5 b3 58. Ba3 Kxd2 59. Kf4 c3 60. Ke5 b2 0-1


[Site "https://www.chess.com"]

[Event "Titled Tuesday Blitz November 15 Early 2022"]
[White "Maksimovic, Bojan"]
[Black "Todorovic, Bojan"]
[WhiteFideId "14408120"]
[BlackFideId "917087"]
[WhiteElo "2447"]
[BlackElo "2266"]
[Result "1-0"]
[Round "05"]
[TimeControl "180+1"]
[Date "2022.11.16"]
[WhiteClock "0:01:29"]
[BlackClock "0:00:42"]

1. e4 c5 2. Nf3 Nc6 3. Nc3 e6 4. d4 cxd4 5. Nxd4 Qc7 6. Be3 a6 7. Qf3 Bb4 8. Nxc6 bxc6 9. Bd4 e5 10. Qg3 d6 11. Qxg7 exd4 12. Qxh8 dxc3 13. Qxg8+ Ke7 14. b3 Qa5 15. Bc4 d5 16. Qg5+ Kd6 17. Qf4+ Kd7 18. Qxf7+ Kd6 19. exd5 cxd5 20. Qf6+ Be6 21. O-O Rg8 22. Rfe1 1-0


[Site "https://www.chess.com"]

[Event "Titled Tuesday Blitz November 15 Early 2022"]
[White "Manon-og, Ramon Jr."]
[Black "Sourath Biswas"]
[WhiteFideId "5200776"]
[BlackFideId "35091484"]
[WhiteElo "2306"]
[BlackElo "2164"]
[Result "0-1"]
[Round "05"]
[TimeControl "180+1"]
[Date "2022.11.16"]
[WhiteClock "0:00:11"]
[BlackClock "0:01:18"]

1. e4 b6 2. d4 Bb7 3. Nc3 e6 4. a3 d6 5. Bd3 Nf6 6. f4 Nbd7 7. Nf3 Be7 8. O-O O-O 9. e5 Nd5 10. Nxd5 Bxd5 11. c3 dxe5 12. fxe5 c5 13. Be3 cxd4 14. cxd4 Bxf3 15. Qxf3 Nxe5 16. Bxh7+ Kxh7 17. Qh5+ Kg8 18. dxe5 Qd3 19. Rf3 Qe4 20. Rh3 f6 21. exf6 Bxf6 22. Rf1 Rad8 23. Kh1 Rd5 24. Qe2 Rf5 25. Rd1 Bxb2 26. Qxb2 Rf1+ 27. Rxf1 Rxf1+ 28. Bg1 Rxg1+ 29. Kxg1 Qe1# 0-1


[Site "https://www.chess.com"]

[Event "Titled Tuesday Blitz November 15 Early 2022"]
[White "Marcolino, Daniel Mattos"]
[Black "Valle Maytin, Luis Enrique"]
[WhiteFideId "2106841"]
[BlackFideId "3503666"]
[WhiteElo "2126"]
[BlackElo "2225"]
[Result "0-1"]
[Round "05"]
[TimeControl "180+1"]
[Date "2022.11.16"]
[WhiteClock "0:01:17"]
[BlackClock "0:01:12"]

1. d4 Nf6 2. Nf3 e6 3. g3 d5 4. Bg2 Be7 5. O-O b6 6. c4 Bb7 7. Nc3 O-O 8. Ne5 Nbd7 9. Qa4 Nxe5 10. dxe5 Ne4 11. cxd5 Nxc3 12. bxc3 exd5 13. Rd1 Bc5 14. e4 Qe7 15. exd5 Qxe5 16. Bf4 Qxc3 17. Rac1 Qb2 18. Bxc7 Qxf2+ 19. Kh1 Rac8 20. Bf4 Be3 21. Bxe3 Qxe3 22. Rxc8 Rxc8 23. d6 Bxg2+ 24. Kxg2 Qe2+ 25. Kh3 Rc5 26. Qg4 Rh5+ 27. Qxh5 Qxh5+ 28. Kg2 Qxd1 0-1


[Site "https://www.chess.com"]

[Event "Titled Tuesday Blitz November 15 Early 2022"]
[White "Martin, Lewis"]
[Black "Callejas Rojas, Francisco Miguel"]
[WhiteFideId "410551"]
[BlackFideId "32072503"]
[WhiteElo "2145"]
[BlackElo "2274"]
[Result "1-0"]
[Round "05"]
[TimeControl "180+1"]
[Date "2022.11.16"]
[WhiteClock "0:00:30"]
[BlackClock "0:00:07"]

1. e4 e6 2. d4 d5 3. Nd2 c5 4. dxc5 Bxc5 5. Ngf3 Nf6 6. exd5 Nxd5 7. Bc4 Nc6 8. O-O O-O 9. Nb3 Be7 10. Qe2 Nb6 11. Rd1 Qc7 12. Bd3 Nb4 13. Bg5 Nxd3 14. Rxd3 f6 15. Bh4 e5 16. Rad1 Bf5 17. Rc3 Qb8 18. a3 Na4 19. Qc4+ Kh8 20. Qxa4 b5 21. Qa6 e4 22. Nfd4 Bg4 23. Re1 b4 24. Rg3 Bc8 25. Qa5 Bd6 26. Rxe4 Bb7 27. Reg4 1-0


[Site "https://www.chess.com"]

[Event "Titled Tuesday Blitz November 15 Early 2022"]
[White "Matinian, Nikita"]
[Black "Jaskolka, Tomasz"]
[WhiteFideId "24129100"]
[BlackFideId "1170791"]
[WhiteElo "2422"]
[BlackElo "2126"]
[Result "0-1"]
[Round "05"]
[TimeControl "180+1"]
[Date "2022.11.16"]
[WhiteClock "0:00:03"]
[BlackClock "0:00:12"]

1. e4 Nf6 2. e5 Nd5 3. d4 d6 4. Nf3 dxe5 5. Nxe5 Bf5 6. Bc4 c6 7. O-O e6 8. Bb3 Nd7 9. c4 N5b6 10. Bf4 Be7 11. Nc3 O-O 12. Qf3 Bf6 13. Rad1 Qe7 14. g4 Bg6 15. Rfe1 Qb4 16. c5 Bxe5 17. Bxe5 Nxe5 18. Rxe5 Nd5 19. h4 h6 20. h5 Bh7 21. g5 hxg5 22. Rxg5 Kh8 23. h6 Bg6 24. Rg3 Rad8 25. Kg2 gxh6 26. Rh1 Kg7 27. Bc4 Qxc4 28. Qe4 Nxc3 29. Qe5+ Kg8 30. bxc3 Qd5+ 31. Qxd5 Rxd5 32. Rxh6 Kg7 33. Rh1 Rh8 34. Rb1 Rb8 35. a4 Kf6 36. Rb2 a6 37. f4 Rf5 38. Kf3 Bh5+ 39. Ke3 Bg6 40. Rh3 Ke7 41. Rb6 Rh5 42. Rg3 Rh1 43. Rg2 Rb1 44. a5 Rxb6 45. cxb6 Kd6 46. Rh2 Kd5 47. Rb2 Kc4 48. Kd2 Rh8 49. Rb4+ Kd5 50. Ke3 Rh3+ 51. Kd2 Rd3+ 52. Ke2 Rxc3 0-1


[Site "https://www.chess.com"]

[Event "Titled Tuesday Blitz November 15 Early 2022"]
[White "Mejia, Cherry Ann"]
[Black "Aldokhin, Ivan"]
[WhiteFideId "5206880"]
[BlackFideId "24115720"]
[WhiteElo "2007"]
[BlackElo "2313"]
[Result "0-1"]
[Round "05"]
[TimeControl "180+1"]
[Date "2022.11.16"]
[WhiteClock "0:00:01"]
[BlackClock "0:00:02"]

1. e4 c5 2. Nc3 g6 3. g3 Bg7 4. d3 Nc6 5. Be3 d6 6. Qd2 f5 7. Bg2 Nf6 8. h3 O-O 9. Nge2 e5 10. O-O f4 11. gxf4 Nh5 12. f5 gxf5 13. f4 Nd4 14. Bxd4 cxd4 15. Nd5 Qh4 16. Qe1 Qd8 17. Ng3 Nxf4 18. Nxf4 exf4 19. Rxf4 Be5 20. Rf1 f4 21. Ne2 Qg5 22. Rf3 Be6 23. Qf2 Rf6 24. Rf1 Raf8 25. Nxd4 Bd7 26. Ne2 Rg6 27. d4 Bg7 28. c3 Bb5 29. Kh2 Bh6 30. Rg1 Qf6 31. Rf1 Bg5 32. Rg1 Bh4 33. Qf1 Bg5 34. Qf2 Qe7 35. Bf1 Qxe4 36. h4 Bh6 37. Rxg6+ hxg6 38. Ng1 Bc6 39. Bg2 Qf5 40. Rh3 Qf6 41. Bxc6 bxc6 42. Nf3 Re8 43. Kg2 Re3 44. Rh1 Qf5 45. Re1 Qg4+ 46. Kh2 Rxf3 47. Qg2 Rg3 48. Qxc6 Qh3# 0-1


[Site "https://www.chess.com"]

[Event "Titled Tuesday Blitz November 15 Early 2022"]
[White "Melikhov, Evgeny V."]
[Black "Ardila, Oscar Humberto"]
[WhiteFideId "4122046"]
[BlackFideId "4404742"]
[WhiteElo "2169"]
[BlackElo "1959"]
[Result "1-0"]
[Round "05"]
[TimeControl "180+1"]
[Date "2022.11.16"]
[WhiteClock "0:00:44"]
[BlackClock "0:00:12"]

1. d4 Nf6 2. c4 g6 3. Nc3 Bg7 4. e4 d6 5. f3 O-O 6. Be3 Nbd7 7. Qd2 c6 8. Bd3 a6 9. Nge2 e5 10. d5 cxd5 11. cxd5 b5 12. O-O Bb7 13. b4 Nb6 14. a4 bxa4 15. Nxa4 Nxa4 16. Rxa4 Nd7 17. Rfa1 Qc8 18. Rc1 Qd8 19. Ra3 f5 20. exf5 gxf5 21. Bg5 Nf6 22. Bxf5 Qb6+ 23. Be3 Qd8 24. Be6+ Kh8 25. Rac3 Ne8 26. Bh6 Qf6 27. Bxg7+ Qxg7 28. Ng3 Rf4 29. Ne4 a5 30. bxa5 Ba6 31. Qf2 Rb8 32. Qg3 Qxg3 33. hxg3 Rf8 34. Rc6 Bb5 35. Rb6 Ng7 36. Rxb8 Rxb8 37. Rc8+ Rxc8 38. Bxc8 Bc4 39. Bb7 Ne8 40. a6 Bxa6 41. Bxa6 Kg7 42. Bb5 Nc7 43. Bc6 Na6 44. Nxd6 Kf6 45. Ne4+ Ke7 46. g4 Nb4 47. d6+ Kd8 48. Bb5 Nd5 49. Ng5 Nf6 50. Ne6+ Kc8 51. g5 Nd7 52. Bxd7+ Kxd7 53. Nf8+ Ke8 54. Nxh7 Kd7 55. g6 Kxd6 56. g7 1-0


[Site "https://www.chess.com"]